 Dungeon Crawl Stone Soup version 0.32-a0-612-g1c984fe9d1 (webtiles) character file.

Game seed: 6663586971462413260

561 jasper the Trooper (level 7, -5/81 HPs)
             Began as a Demonspawn Shapeshifter on Mar 5, 2024.
             Was a Follower of Cheibriados.
             Killed from afar by Maggie (19 damage)
             ... with a bolt of fire
             ... on level 6 of the Dungeon.
             The game lasted 00:06:15 (5041 turns).

jasper the Trooper (Demonspawn Shapeshifter)        Turns: 5041, Time: 00:06:15

Health: -5/81      AC: 23    Str: 24    XL:     7   Next: 9%
Magic:  7/7        EV:  2    Int: 13    God:    Cheibriados [*.....]
Gold:   302        SH:  0    Dex: 17    Spells: 6/6 levels left

rFire   . .          .
                       - Unarmed
rCold   . . .        (no shield)
rNeg    . . .        f - melded +2 scale mail {rPois}
rPois   +            (helmet currently unavailable)
rElec   .            (cloak currently unavailable)
rCorr   .            (gloves currently unavailable)
SInv    +            (boots currently unavailable)
Will    .....        (no amulet)
Stlth   ++           K - +6 ring of strength
HPRegen 0.33/turn    o - ring of see invisible
MPRegen 0.10/turn

%: no passive effects
@: tree-form, very slow
A: stationary, stasis, torment immunity, boosted hp, demonic guardian 1, (sturdy
frame 1), frail 1
a: Renounce Religion, Bend Time


You were on level 6 of the Dungeon.
You worshipped Cheibriados.
Cheibriados was aware of your devotion.
You were a tree.
You visited 1 branch of the dungeon, and saw 6 of its levels.

You collected 302 gold pieces.

Inventory:

Hand Weapons
 h - a +0 quarterstaff
 n - a +0 short sword of venom
 x - a +1 long sword of flaming
Missiles
 e - 48 stones
 p - 4 boomerangs (quivered)
Armour
 a - a +0 animal skin
 f - a +2 scale mail of poison resistance (melded)
 g - a +0 hat
 k - a +0 leather armour
 w - a +0 pair of boots
 A - a +2 helmet
 C - a +0 pair of gloves
Jewellery
 o - a ring of see invisible (right branch)
 H - a ring of wizardry
 K - a +6 ring of strength (left branch)
Talismans
 c - a beast talisman (active)
 d - a flux talisman
 m - a blade talisman
Wands
 y - a wand of mindburst (41)
 B - a wand of roots (10)
 D - a wand of digging (5)
Scrolls
 i - 2 scrolls of blinking
 j - 3 scrolls of teleportation
 u - 6 scrolls of identify {unknown}
 z - a scroll of torment {unknown}
 E - a scroll of brand weapon {unknown}
 I - a scroll of vulnerability {unknown}
 J - a scroll of enchant armour {unknown}
 M - a scroll of fog {unknown}
Potions
 b - 2 potions of invisibility {unknown}
 l - a potion of attraction {unknown}
 q - 3 potions of heal wounds {unknown}
 r - 3 potions of mutation
 s - 2 potions of curing
 t - a potion of might {unknown}
 v - a potion of enlightenment {unknown}
 F - a potion of ambrosia {unknown}
 L - a potion of haste {unknown}


   Skills:
 + Level 7.5 Fighting
 - Level 1.7 Dodging
 - Level 2.8 Unarmed Combat
 - Level 2.6 Shapeshifting


You had 6 spell levels left.
You didn't know any spells.
Your spell library contained the following spells:

 Spells                   Type           Power      Damage    Failure   Level
 Sandblast                Erth           0%         2d4       30%         1
 Passwall                 Erth           0%         N/A       67%         3
 Stone Arrow              Conj/Erth      0%         3d7       67%         3
 Brom's Barrelling Bould  Conj/Erth      0%         2d3       97%         4


Dungeon Overview and Level Annotations

Branches:
Dungeon (6/15)
 Temple: D:4-7

Altars:
Cheibriados
Fedhas
Qazlal
Ru
Uskayaw

Annotations:
D:6 Maggie


Innate Abilities, Weirdness & Mutations

You are a tree.
Your roots penetrate the ground, keeping you stationary.
You cannot be teleported.
You are immune to unholy pain and torment.
Your maximum health is greatly increased.
Your equipment is partially melded.
A weak demonic guardian rushes to your aid.
((Your movements are slightly less encumbered by armour. (ER -2)))
You are frail. (-10% HP)


Message History

You take 18 damage, and have 20/60 hp.
MASSIVE DAMAGE!!
You hit Maggie.
Maggie is lightly wounded.
Maggie closely misses you.
Your transformation has ended.
You turn into a tree.
Your +2 scale mail of poison resistance melds into your body.
You no longer feel resistant to poison.
Your roots penetrate the ground.
Maggie points at you and mumbles some strange words.
The bolt of fire hits you!
* * * LOW HITPOINT WARNING * * *
You now have 18/90 hp.
Your +0 short sword of venom stops dripping with poison.
You are now empty-handed.
You smack Maggie!
Maggie is moderately wounded.
You break out of your daze.
Maggie hits you but does no damage.
You hit Maggie but do no damage.
Maggie is moderately wounded.
Maggie casts a spell at you. The bolt of fire hits you.
* * * LOW HITPOINT WARNING * * *
A demonic guardian appears!
You take 4 damage, and have 14/90 hp.
You hit Maggie.
Maggie is heavily wounded.
Maggie barely misses you.
It was a potion of mutation.
You feel extremely strange.
You feel frail.
Maggie hits you with a +0 long sword of flaming.
* * * LOW HITPOINT WARNING * * *
Maggie burns you.
* * * LOW HITPOINT WARNING * * *
You take 6 damage, and have 8/81 hp.
It was a potion of curing.
You feel better. Maggie gestures at you while chanting.
The bolt of fire hits you!!
You die...
Cheibriados appreciates the motionlessness of death.

#.# ##.# ...
#.# #.## #<.#
..### ##.#
......##.#.##
#..♣5...#
####@#..#
#.#..# ... .#
#.#..# ..#.##
### #


You could see Maggie (very poisoned, ally target) and a friendly iron imp
(summoned).

Vanquished Creatures
  A black bear (D:4)
  A scorpion (D:6)
  A bombardier beetle (D:3)
  A hound (D:5)
  Ijyb (D:3)
  4 iguanas
  An orc wizard (D:4)
  Robin (D:4)
  8 adders
  A gnoll (D:5)
  2 ribbon worms (D:3)
  11 orcs
  3 ball pythons
  3 bats
  7 endoplasms
  2 giant cockroaches
  14 goblins
  9 hobgoblins
  3 jackals (D:4)
  A quokka (D:2)
  6 kobolds
  4 rats
85 creatures vanquished.

Vanquished Creatures (others)
  An orc wizard (D:4)
1 creature vanquished.

Grand Total: 86 creatures vanquished

Notes
Turn   | Place    | Note
-------+----------+-------------------------------------------
     0 | D:1      | jasper the Demonspawn Shapeshifter began the quest for the
                  | Orb.
     0 | D:1      | Reached XP level 1. HP: 15/15 MP: 1/1
   432 | D:1      | HP: 1/24 [constriction (1)]
   435 | D:1      | Reached skill level 2 in Fighting
   526 | D:1      | Gained mutation: A weak demonic guardian rushes to your
                  | aid. [demonic ancestry]
   526 | D:1      | Reached XP level 2. HP: 17/22 MP: 2/2
  1553 | D:2      | Found a stormy altar of Qazlal.
  1987 | D:3      | Noticed a bombardier beetle
  1994 | D:3      | Killed a bombardier beetle
  1995 | D:3      | Reached skill level 3 in Fighting
  1995 | D:3      | Reached XP level 3. HP: 20/29 MP: 3/3
  2210 | D:3      | Reached XP level 4. HP: 37/37 MP: 4/4
  2242 | D:3      | Reached skill level 4 in Fighting
  2376 | D:3      | Found a sacrificial altar of Ru.
  2376 | D:3      | Found a faded altar of an unknown god.
  2383 | D:3      | Found a faded altar of an unknown god.
  2385 | D:3      | Found a hide-covered altar of Uskayaw.
  2387 | D:3      | Found a blossoming altar of Fedhas.
  2469 | D:3      | Became a worshipper of Ru the Awakened
  2730 | D:3      | Noticed Ijyb
  2751 | D:3      | Killed Ijyb
  2938 | D:3      | Found a snail-covered altar of Cheibriados.
  2957 | D:3      | Fell from the grace of Ru
  2957 | D:3      | Became a worshipper of Cheibriados the Contemplative
  3253 | D:4      | Reached skill level 5 in Fighting
  3253 | D:4      | Gained mutation: Your movements are slightly less
                  | encumbered by armour. (ER -2) [demonic ancestry]
  3253 | D:4      | Reached XP level 5. HP: 37/44 MP: 5/5
  3368 | D:4      | Noticed a black bear
  3380 | D:4      | Killed a black bear
  3513 | D:4      | Reached skill level 6 in Fighting
  3513 | D:4      | Reached XP level 6. HP: 52/52 MP: 6/6
  3539 | D:4      | Reached * piety under Cheibriados
  3546 | D:4      | Noticed Robin
  3560 | D:4      | Killed Robin
  4449 | D:5      | Entered Level 5 of the Dungeon
  4622 | D:5      | Reached skill level 7 in Fighting
  5026 | D:6      | Noticed Maggie
  5032 | D:6      | Reached XP level 7. HP: 38/60 MP: 7/7
  5040 | D:6      | Gained mutation: You are frail. (-10% HP) [potion of
                  | mutation]
  5041 | D:6      | Killed from afar by Maggie

Illustrated notes

Levels and vault maps discovered:
D:1:      spicycebolla_arrival_xxxplode, layout_basic
D:2:      layout_loops_ring, basic_altar
D:3:      layout_loops_corners, cheibrodos_worm_habitat,
          chequers_temple_overflow_minitemple, uniq_ijyb
D:4:      layout_loops_corners, uniq_robin
D:5:      layout_rooms, minmay_quadrilaterals
D:6:      layout_loops_ring, minmay_temple_entry_enclosed_plants, uniq_maggie

Skill      XL: |  1  2  3  4  5  6 |
---------------+-------------------+-----
Fighting       | 2 3 5 6 7 |  7.5
Dodging        | |  1.7
Unarmed Combat | |  2.8
Shapeshifting  | |  2.6

Action                     |  1- 3 |  4- 6 |  7- 9 || total
---------------------------+-------+-------+-------++-------
  Melee: Unarmed           |    56 |       |     3 ||    59
         Punch             |     1 |       |       ||     1
         Short sword       |    35 |   199 |     3 ||   237
  Throw: Stone             |     1 |       |       ||     1
         Boomerang         |    14 |    23 |       ||    37
    Use: Potion            |     1 |       |     3 ||     4
         Scroll            |     8 |       |       ||     8
 Armour: Animal skin       |    24 |       |       ||    24
         Skin              |     6 |       |     5 ||    11
         Leather armour    |    18 |       |       ||    18
         Scale mail        |     7 |   135 |     2 ||   144
  Dodge: Dodged            |    44 |    84 |     2 ||   130

Table legend: (Time is in decaauts)
 A = Elapsed time spent in this place.
 B = Non-inter-level travel time spent in this place.
 C = Inter-level travel time spent in this place.
 D = Time resting spent in this place.
 E = Time spent auto-exploring this place.
 F = Levels seen in this place.
 G = Mean time per level.
                   A        B        C        D        E       F      G
               +--------+--------+--------+--------+--------+-----+--------+
         Total |   5604 |   5276 |    328 |    209 |   4209 |   6 |  934.0 |
       Dungeon |   5604 |   5276 |    328 |    209 |   4209 |   6 |  934.0 |
               +--------+--------+--------+--------+--------+-----+--------+

Top non-repeatable levels by time:
     D:4: 1557 daAuts
     D:3: 1414 daAuts
     D:1: 1184 daAuts
     D:5: 740 daAuts
     D:2: 690 daAuts
     D:6: 16 daAuts
